 Dungeon Crawl Stone Soup version 0.28.0-53-g5a82cb258f (webtiles) character file.

Game seed: 6874046695705449667

331 buhh the Skirmisher (level 6, 0/46 HPs)
             Began as an Octopode Transmuter on June 20, 2022.
             Was an Initiate of Cheibriados.
             Succumbed to a scorpion's poison
             ... on level 4 of the Dungeon.
             The game lasted 00:06:44 (5033 turns).

buhh the Skirmisher (Octopode Transmuter)           Turns: 5033, Time: 00:06:45

Health: 0/46       AC:  1    Str: 10    XL:     6   Next: 52%
Magic:  9/9        EV: 13    Int: 18    God:    Cheibriados [......]
Gold:   183        SH:  5    Dex: 14    Spells: 8/9 levels left

rFire   . . .      SeeInvis .     - Unarmed
rCold   . . .      Faith    .   (no shield)
rNeg    . . .      Spirit   .   (helmet restricted)
rPois   .          Reflect  +   b - amulet of reflection
rElec   .          Harm     .   (no ring)
rCorr   .          Rampage  .   (no ring)
Will    .....                   (no ring)
Stlth   +++.......              (no ring)
HPRegen 0.15/turn               (no ring)
MPRegen 0.11/turn               (no ring)
                                (no ring)
                                (no ring)

@: mighty, brilliant, lethally poisoned (0 -> -1), very slow
A: almost no armour, amphibious, 8 rings, camouflage 1, gelatinous body 1,
(nimble swimmer 1), tentacles
a: Renounce Religion


You were on level 4 of the Dungeon.
You worshipped Cheibriados.
Cheibriados was noncommittal.
You visited 2 branches of the dungeon, and saw 5 of its levels.

You collected 183 gold pieces.

Inventory:

Missiles
 h - 3 poisoned darts
Jewellery
 b - an amulet of reflection (around mantle)
 d - a ring of ice
Scrolls
 c - a scroll of holy word {unknown}
 g - a scroll of identify {!d}
 i - a scroll of noise {unknown}
 j - a scroll of enchant armour {unknown}
Potions
 a - a potion of attraction


   Skills:
 - Level 6.0 Fighting
 - Level 2.0 Dodging
 - Level 1.0 Stealth
 * Level 3.7 Unarmed Combat
 - Level 2.0 Spellcasting
 - Level 2.0 Transmutations


You had 8 spell levels left.
You knew the following spells:

 Your Spells              Type           Power      Damage    Failure   Level
a - Beastly Appendage     Tmut           26%        N/A       8%          1

Your spell library contained the following spells:

 Spells                   Type           Power      Damage    Failure   Level
 Wereblood                Tmut           13%        N/A       12%         2
 Foxfire                  Conj/Fire      8%         2x1d4     19%         1
 Spider Form              Tmut/Pois      8%         N/A       34%         3
 Conjure Flame            Conj/Fire      2%         6-21      47%         3
 Inner Flame              Hex/Fire       2%         N/A       47%         3
 Summon Guardian Golem    Hex/Summ       2%         N/A       47%         3
 Ice Form                 Ice/Tmut       8%         N/A       75%         4
 Flame Wave               Conj/Fire      2%         2d4       87%         4
 Orb of Destruction       Conj           1%         9d5       100%        7
 Spellforged Servitor     Conj/Summ      1%         N/A       100%        7


Dungeon Overview and Level Annotations

Branches:
Dungeon (4/15)             Temple (1/1) D:4

Altars:
Ashenzari
Cheibriados
Dithmenos
Elyvilon
Makhleb
Okawaru
Ru
Trog
Uskayaw
Vehumet
Wu Jian
Xom

Shops:
D:3 :

Annotations:
D:3 exclusion: scorpion
D:4 exclusions: hobgoblin and jelly, Menkaure


Innate Abilities, Weirdness & Mutations

You cannot wear most types of armour.
You are amphibious.
You can wear up to eight rings at the same time.
Your skin changes colour to match your surroundings (Stealth+).
Your rubbery body absorbs attacks. (AC +1, EV +1)
((You are camouflaged when in or above water. (Stealth+)))
You have tentacles for arms and can constrict up to eight enemies at once.


Message History

The scorpion is severely wounded.
You constrict the scorpion, but do no damage.
You feel very sick. The scorpion stings you.
You tentacle-slap the scorpion.
You pierce the scorpion, but do no damage.
The scorpion is almost dead.
You constrict the scorpion.
You kill the scorpion!
Cheibriados appreciates the change of pace.
You feel very sick.
Your tentacle spike disappears.
* * * LOW HITPOINT WARNING * * *
You feel very sick.
Okay, then.
There is a lethal amount of poison in your body!
It was a potion of might.
You feel very mighty all of a sudden.
* * * LOW HITPOINT WARNING * * *
You feel sick.
It was a potion of brilliance.
You feel clever all of a sudden.
* * * LOW HITPOINT WARNING * * *
You feel sick.
Okay, then.
* * * LOW HITPOINT WARNING * * *
You feel sick.
* * * LOW HITPOINT WARNING * * *
You feel sick.
* * * LOW HITPOINT WARNING * * *
You feel sick.
* * * LOW HITPOINT WARNING * * *
You feel sick.
* * * LOW HITPOINT WARNING * * *
You feel sick.
* * * LOW HITPOINT WARNING * * *
You feel sick.
* * * LOW HITPOINT WARNING * * *
You feel sick.
You die...

..####..##.#.#
.............#######
..####.#####.......#
#..# .# ###...###.#
##.# .# #≈≈...≈≈#.#
...# .###≈..♣..≈#.#
...# .............#
.8.###.#...♣._.♣...#
..(..#.##.......@.##
.....#.###≈..♣..≈##
##.....# #≈r...≈≈#
#....#.# ###...###
.....#.## #..##
.....#..####.##
.............#
>#...#..######
.....#..#


You could see a neutral quokka (wandering).

Vanquished Creatures
  2 scorpions (D:4)
  An iguana (D:4)
  An orc wizard (D:4)
  A hound skeleton (D:4)
  5 adders
  An adder skeleton (D:4)
  2 worms
  3 dart slugs
  13 orcs
  6 endoplasms
  3 giant cockroaches
  5 goblins
  10 hobgoblins
  6 quokkas
  5 ball pythons
  6 bats
  2 frilled lizards (D:2)
  5 kobolds
  7 rats
84 creatures vanquished.

Vanquished Creatures (others)
  2 plants (D:2)
2 creatures vanquished.

Grand Total: 86 creatures vanquished

Notes
Turn   | Place    | Note
-------+----------+-------------------------------------------
     0 | D:1      | buhh the Octopode Transmuter began the quest for the Orb.
     0 | D:1      | Reached XP level 1. HP: 13/13 MP: 3/3
   198 | D:1      | Reached XP level 2. HP: 19/19 MP: 3/5
   257 | D:1      | Reached skill level 2 in Fighting
   756 | D:1      | Reached XP level 3. HP: 25/25 MP: 4/6
  1239 | D:2      | Reached skill level 3 in Fighting
  1793 | D:2      | Reached XP level 4. HP: 32/32 MP: 5/7
  2424 | D:3      | Found a broken altar of Ashenzari.
  2755 | D:3      | Reached skill level 4 in Fighting
  3503 | D:3      | Found Wacvuc's Book Boutique.
  3505 | D:3      | Noticed a scorpion
  3677 | D:4      | Found a burning altar of Makhleb.
  3739 | D:4      | Found a radiant altar of Vehumet.
  3893 | D:4      | Reached XP level 5. HP: 34/38 MP: 6/8
  3951 | D:4      | Found a sacrificial altar of Ru.
  4029 | D:4      | Reached skill level 5 in Fighting
  4045 | D:4      | Found a staircase to the Ecumenical Temple.
  4093 | Temple   | Entered the Ecumenical Temple
  4110 | Temple   | Became a worshipper of Cheibriados the Contemplative
  4142 | D:4      | Noticed Menkaure
  4277 | D:4      | Reached XP level 6. HP: 24/46 MP: 9/9
  4550 | D:3      | Reached skill level 6 in Fighting
  4983 | D:4      | Found a white marble altar of Elyvilon.
  5030 | D:4      | HP: 2/46 [poisoned by a scorpion]
  5033 | D:4      | Succumbed to a scorpion's poison

Illustrated notes

Levels and vault maps discovered:
D:1:      minmay_arrival_four_circles, layout_basic, serial_glass,
          glass_columns_b, glass_columns_a, minmay_pentomino_w2
D:2:      layout_basic, serial_forest, infiniplex_forest_straight_2,
          infiniplex_forest_lined_room_, infiniplex_forest_end_3,
          infiniplex_forest_fountain, infiniplex_forest_zigzag_1,
          infiniplex_forest_clump_medium
D:3:      layout_basic, mainiacjoe_overflow_concentric_impassable,
          serial_co_window_serial, co_window_paths_b, co_window_corner_a,
          co_window_paths_a, co_window_cross_1, co_window_paths_a,
          co_window_corner_a, co_window_of_opportunity_b,
          co_window_unsneaky_path_e, co_window_paths_c, co_window_broadway_a,
          glass_columns_a, glass_columns_b, glass_columns_b, serial_shops, shop
D:4:      layout_basic, nicolae_vehumet_altar_sigil, elyvilon_altar_4,
          mainiacjoe_overflow_six_doors_small,
          nicolae_ru_great_annihilating_truth, minmay_temple_entry_waves,
          uniq_menkaure
Temple:   eino_temple_water

Skill      XL: |  1  2  3  4  5  6 |
---------------+-------------------+-----
Stealth        | 1 |  1.0
Fighting       | 2 3 4 5 6 |  6.0
Dodging        | |  2.0
Unarmed Combat | |  3.7
Spellcasting   | |  2.0
Transmutations | |  2.0

Action                   |  1- 3 |  4- 6 || total
-------------------------+-------+-------++-------
Melee: Unarmed           |    72 |   121 ||   193
       Constrict         |    20 |    39 ||    59
       Kick              |    24 |    44 ||    68
       Tentacles         |    18 |    32 ||    50
       Punch             |     2 |     6 ||     8
 Cast: Beastly Appendage |    25 |    35 ||    60
  Use: Scroll            |     2 |       ||     2
       Potion            |       |     2 ||     2
 Stab: Sleeping          |     6 |     3 ||     9
       Paralysed         |       |     2 ||     2
Armor: Skin              |     4 |     5 ||     9
Dodge: Dodged            |    25 |    59 ||    84
Block: Other             |     9 |    17 ||    26
